 Dungeon Sprint DCSS version 0.21.1-1-g345015f (webtiles) character file.

4673 wilfster70 the Covert (level 10, -3/82 HPs)
             Began as a Gnoll Enchanter on Feb 23, 2018.
             Was a High Priest of Okawaru.
             Slain by a demonic crawler (6 damage)
             ... in the Dungeon (Sprint I: "Red Sonja").
             The game lasted 00:07:25 (1429 turns).

wilfster70 the Covert (Gnoll Enchanter)             Turns: 1429, Time: 00:07:26

Health: -3/82      AC: 18    Str: 10    XL:     10   Next: 44%
Magic:  23/24      EV:  9    Int: 21    God:    Okawaru [*****.]
Gold:   626        SH:  0    Dex: 18    Spells: 23/29 levels left

rFire    + + .     SeeInvis .   b - +6 halberd of the Assorted Princes {holy, rPois rF++ MR+ Dex-2}
rCold    . . .     Gourm    .   (shield currently unavailable)
rNeg     + . .     Faith    .   e - +7 chain mail of Listlessness {rN+ Dex+4}
rPois    +         Spirit   .   (no helmet)
rElec    .         Reflect  .   (no cloak)
rCorr    .         Harm     .   (no gloves)
MR       +....     NoTele   +   (no boots)
Stlth    +.........             (no amulet)
HPRegen  0.23/turn              (no ring)
MPRegen  0.19/turn              (no ring)

@: very slow
A: distributed training, fangs 1, strong nose
a: Heroism, Finesse, Renounce Religion


You were in the Dungeon.
You worshipped Okawaru.
Okawaru was extremely pleased with you.
You were near starving.

You visited 1 branch You collected 1109 gold pieces.
You spent 483 gold pieces at shops.

Inventory:

Hand Weapons
 a - a +1 dagger
 b - the +6 halberd of the Assorted Princes (weapon) {holy, rPois rF++ MR+ Dex-2}
   (You bought it in a shop in the Dungeon)

   It has been blessed by the Shining One to cause great damage to the undead
   and demons.
   It affects your dexterity (-2).
   It greatly protects you from fire.
   It protects you from poison.
   It affects your resistance to hostile enchantments.
Armour
 e - the +7 chain mail of Listlessness (worn) {rN+ Dex+4}
   (You found it in the Dungeon)

   It affects your dexterity (+4).
   It protects you from negative energy.
 i - a +3 leather armour of fire resistance
Scrolls
 j - 2 scrolls of blinking
Potions
 g - a potion of haste
 h - 2 potions of magic
 k - 2 potions of curing
Books
 c - a book of Maledictions

   Spells                             Type                      Level
   a - Corona                         Hexes                        1
   b - Ensorcelled Hibernation        Hexes/Ice                    2
   c - Confuse                        Hexes                        3
   d - Tukima's Dance                 Hexes                        3
   e - Dazzling Spray                 Conjuration/Hexes            3
Comestibles
 d - a ration


   Skills:
 + Level 8.8 Fighting
 + Level 9.2 Short Blades
 + Level 8.8 Long Blades
 + Level 8.8 Axes
 + Level 8.8 Maces & Flails
 + Level 8.8 Polearms
 + Level 8.8 Staves
 + Level 8.8 Slings
 + Level 8.8 Bows
 + Level 8.8 Crossbows
 + Level 8.8 Throwing
 + Level 8.8 Armour
 + Level 10.0 Dodging
 + Level 10.6 Stealth
 + Level 8.8 Shields
 + Level 8.8 Unarmed Combat
 + Level 10.1 Spellcasting
 + Level 7.3 Conjurations
 + Level 9.2 Hexes
 + Level 7.3 Charms
 + Level 7.3 Summonings
 + Level 7.3 Necromancy
 + Level 7.3 Translocations
 + Level 7.3 Transmutations
 + Level 7.3 Fire Magic
 + Level 7.3 Ice Magic
 + Level 7.3 Air Magic
 + Level 7.3 Earth Magic
 + Level 7.3 Poison Magic
 + Level 9.6 Invocations
 + Level 8.8 Evocations


You had 23 spell levels left.
You knew the following spells:

 Your Spells              Type           Power        Failure   Level  Hunger
a - Corona                Hex            #####..      4%          1    None
b - Ensorcelled Hibernat  Hex/Ice        #####.       11%         2    None
c - Confuse               Hex            #####...     16%         3    None


Dungeon Overview and Level Annotations

Branches:
Dungeon (1/1)

Altars:
Cheibriados
Dithmenos
Elyvilon
Fedhas
Gozag
Hepliaklqana
Kikubaaqudgha
Makhleb
Nemelex Xobeh
Okawaru
Qazlal
Ru
Sif Muna
Trog
Uskayaw
Vehumet
Wu Jian
Xom
Yredelemnul
Zin
The Shining One
Jiyva
Lugonu

Shops:
D (%[


Innate Abilities, Weirdness & Mutations

Your experience applies equally to all skills.
You have very sharp teeth.
Your uncanny sense of smell can sniff out nearby items.


Message History

* * * LOW HITPOINT WARNING * * *
The demonic crawler hits you but does no damage. x2
You feel much better.
The demonic crawler hits you but does no damage.
The demonic crawler hits you.
* * * LOW HITPOINT WARNING * * *
The demonic crawler barely misses you.
The demonic crawler hits you but does no damage.
The demonic crawler hits you!
* * * LOW HITPOINT WARNING * * *
The demonic crawler hits you.
* * * LOW HITPOINT WARNING * * *
The kobold demonologist casts a spell.
There is an open door here.
The demonic crawler hits you but does no damage. x3
There is an open door here.
You enter the shallow water.
Moving in this stuff is going to be slow.
The demonic crawler hits you.
You die...

##########################
#<.#..'..#.)'..#__#53'5.5#∆∆
∆ #..)..#.)'..#..3^.(K.#...#
∆ #..#####'#####K#__####
3.'.. ∆ ∆
#..####..#...#.####)§#####..
∆ #..#__####..##[#§≈§§§#..#
# #..#_____##'#_.'§§§§§'..#
#⌠⌠#_.∩...'.s§§#@§§§§#..#
####_..__##_s#'##s#####'###
∆∆#_____###'#.#....###.'.#
############.####s###.###.#
#∩........'.(4s.[...'.∩##.#
###++++####..K###########.#
∆∆ ###.### #.# ∆ ∆∆∆ #.#'#.#
+§# ∆∆∆ #.....# +######.#∆∆
∆∆∆


You could see 2 demonic crawlers.

Vanquished Creatures
  2 centaur warriors (D)
  Sonja (D)
  A deep troll (D)
  An oklob plant (D)
  A kobold demonologist (D)
  A demonic crawler (D)
  A hornet (D)
  A slime creature (D)
  Sigmund (D)
  2 redbacks (D)
  A yak (D)
  2 floating eyes (D)
  An ogre (D)
  A jelly (D)
  Ijyb (D)
  3 ballistomycetes (D)
  A ballistomycete spore (D)
22 creatures vanquished.

Vanquished Creatures (others)
  A gargoyle (D)
  A ballistomycete spore (D)
2 creatures vanquished.

Grand Total: 24 creatures vanquished

Notes
Turn   | Place    | Note
-------+----------+-------------------------------------------
     0 | D        | wilfster70 the Gnoll Enchanter began the quest for the Orb.
     0 | D        | Reached XP level 1. HP: 13/13 MP: 6/6
     1 | D        | Noticed Ijyb
    18 | D        | Killed Ijyb
    18 | D        | Reached skill level 1 in Fighting
    18 | D        | Reached skill level 1 in Long Blades
    18 | D        | Reached skill level 1 in Axes
    18 | D        | Reached skill level 1 in Maces & Flails
    18 | D        | Reached skill level 1 in Polearms
    18 | D        | Reached skill level 1 in Staves
    18 | D        | Reached skill level 1 in Slings
    18 | D        | Reached skill level 1 in Bows
    18 | D        | Reached skill level 1 in Crossbows
    18 | D        | Reached skill level 1 in Throwing
    18 | D        | Reached skill level 1 in Armour
    18 | D        | Reached skill level 1 in Shields
    18 | D        | Reached skill level 1 in Unarmed Combat
    18 | D        | Reached skill level 5 in Spellcasting
    18 | D        | Reached skill level 1 in Conjurations
    18 | D        | Reached skill level 1 in Charms
    18 | D        | Reached skill level 1 in Summonings
    18 | D        | Reached skill level 1 in Necromancy
    18 | D        | Reached skill level 1 in Translocations
    18 | D        | Reached skill level 1 in Transmutations
    18 | D        | Reached skill level 1 in Fire Magic
    18 | D        | Reached skill level 1 in Ice Magic
    18 | D        | Reached skill level 1 in Air Magic
    18 | D        | Reached skill level 1 in Earth Magic
    18 | D        | Reached skill level 1 in Poison Magic
    18 | D        | Reached skill level 1 in Invocations
    18 | D        | Reached skill level 1 in Evocations
    18 | D        | Reached XP level 2. HP: 21/22 MP: 8/8
    18 | D        | Reached XP level 3. HP: 26/27 MP: 9/9
   104 | D        | Learned a level 2 spell: Ensorcelled Hibernation
   108 | D        | Learned a level 3 spell: Confuse
   113 | D        | Noticed an ogre
   116 | D        | Killed an ogre
   116 | D        | Reached skill level 5 in Dodging
   116 | D        | Reached XP level 4. HP: 35/35 MP: 9/11
   134 | D        | Noticed Sigmund
   137 | D        | Killed Sigmund
   137 | D        | Reached skill level 5 in Short Blades
   137 | D        | Reached XP level 5. HP: 42/42 MP: 12/14
   137 | D        | Reached XP level 6. HP: 48/48 MP: 12/15
   170 | D        | Found a deep blue altar of Sif Muna.
   171 | D        | Found an ornate altar of the Wu Jian Council.
   172 | D        | Found a radiant altar of Vehumet.
   181 | D        | Found Turhat's Food Emporium.
   181 | D        | Found an ancient bone altar of Kikubaaqudgha.
   181 | D        | Found a hazy altar of Hepliaklqana.
   181 | D        | Found a stormy altar of Qazlal.
   181 | D        | Found a hide-covered altar of Uskayaw.
   181 | D        | Found a blossoming altar of Fedhas.
   181 | D        | Found a bloodstained altar of Trog.
   181 | D        | Found an iron altar of Okawaru.
   181 | D        | Found a basalt altar of Yredelemnul.
   181 | D        | Found a glowing golden altar of the Shining One.
   181 | D        | Found a snail-covered altar of Cheibriados.
   181 | D        | Found a sacrificial altar of Ru.
   181 | D        | Found a glowing silver altar of Zin.
   181 | D        | Found a shadowy altar of Dithmenos.
   181 | D        | Found a white marble altar of Elyvilon.
   181 | D        | Noticed a yak
   182 | D        | Found an opulent altar of Gozag.
   183 | D        | Killed a yak
   183 | D        | Reached skill level 5 in Invocations
   210 | D        | Found a sparkling altar of Nemelex Xobeh.
   222 | D        | Became a worshipper of Warmaster Okawaru
   230 | D        | Noticed Sonja
   239 | D        | Killed Sonja
   239 | D        | Reached * piety under Okawaru
   239 | D        | Reached ** piety under Okawaru
   239 | D        | Reached skill level 5 in Conjurations
   239 | D        | Reached skill level 5 in Charms
   239 | D        | Reached skill level 5 in Summonings
   239 | D        | Reached skill level 5 in Necromancy
   239 | D        | Reached skill level 5 in Translocations
   239 | D        | Reached skill level 5 in Transmutations
   239 | D        | Reached skill level 5 in Fire Magic
   239 | D        | Reached skill level 5 in Ice Magic
   239 | D        | Reached skill level 5 in Air Magic
   239 | D        | Reached skill level 5 in Earth Magic
   239 | D        | Reached skill level 5 in Poison Magic
   239 | D        | Reached XP level 7. HP: 45/58 MP: 14/18
   239 | D        | Reached XP level 8. HP: 50/64 MP: 15/20
   355 | D        | Found Doirauz's Antique Weapon Boutique.
   376 | D        | Noticed a deep troll
   380 | D        | Killed a deep troll
   394 | D        | Found Petify's Armour Emporium.
   399 | D        | Bought a +3 leather armour of fire resistance for 240 gold pieces
   430 | D        | Noticed a centaur warrior
   430 | D        | Noticed a centaur warrior
   437 | D        | Killed a centaur warrior
   437 | D        | Reached *** piety under Okawaru
   437 | D        | Received a gift from Okawaru
   437 | D        | Reached XP level 9. HP: 6/72 MP: 10/22
   449 | D        | Killed a centaur warrior
   449 | D        | Reached **** piety under Okawaru
   449 | D        | Reached skill level 10 in Stealth
   762 | D        | Noticed a hornet
   767 | D        | Killed a hornet
   779 | D        | Noticed an oklob plant
   781 | D        | Killed an oklob plant
   781 | D        | Reached XP level 10. HP: 65/80 MP: 19/23
   863 | D        | Reached ***** piety under Okawaru
  1227 | D        | Got an encrusted chain mail
  1238 | D        | Identified the +7 chain mail of Listlessness {rN+ Dex+4} (You found it in the Dungeon)
  1320 | D        | Killed a gargoyle
  1332 | D        | Bought a transparent halberd for 243 gold pieces
  1332 | D        | Identified the +6 halberd of the Assorted Princes {holy, rPois rF++ MR+ Dex-2} (You bought it in a shop in the Dungeon)
  1361 | D        | Found a viscous altar of Jiyva.
  1361 | D        | Found a corrupted altar of Lugonu.
  1362 | D        | Found a burning altar of Makhleb.
  1362 | D        | Found a shimmering altar of Xom.
  1380 | D        | Noticed a kobold demonologist
  1383 | D        | Paralysed by a floating eye for 4 turns
  1388 | D        | Reached skill level 10 in Spellcasting
  1390 | D        | Killed a kobold demonologist
  1390 | D        | Received a gift from Okawaru
  1391 | D        | Noticed a kobold demonologist
  1421 | D        | Reached skill level 10 in Dodging
  1422 | D        | HP: 1/82 [demonic crawler (7)]
  1429 | D        | Slain by a demonic crawler

Skill      XL: |  1  2  3  4  5  6  7  8  9 10 |
---------------+-------------------------------+-----
Fighting       | 1 3 4 6 7 8 |  8.8
Short Blades   | 3 4 5 6 7 8 9 |  9.2
Long Blades    | 1 3 4 6 7 8 |  8.8
Axes           | 1 3 4 6 7 8 |  8.8
Maces & Flails | 1 3 4 6 7 8 |  8.8
Polearms       | 1 3 4 6 7 8 |  8.8
Staves         | 1 3 4 6 7 8 |  8.8
Slings         | 1 3 4 6 7 8 |  8.8
Bows           | 1 3 4 6 7 8 |  8.8
Crossbows      | 1 3 4 6 7 8 |  8.8
Throwing       | 1 3 4 6 7 8 |  8.8
Armour         | 1 3 4 6 7 8 |  8.8
Stealth        | 6 7 8 9 10 | 10.6
Shields        | 1 3 4 6 7 8 |  8.8
Unarmed Combat | 1 3 4 6 7 8 |  8.8
Spellcasting   | 5 6 8 9 10 | 10.1
Conjurations   | 1 2 3 5 6 7 |  7.3
Charms         | 1 2 3 5 6 7 |  7.3
Summonings     | 1 2 3 5 6 7 |  7.3
Necromancy     | 1 2 3 5 6 7 |  7.3
Translocations | 1 2 3 5 6 7 |  7.3
Transmutations | 1 2 3 5 6 7 |  7.3
Fire Magic     | 1 2 3 5 6 7 |  7.3
Ice Magic      | 1 2 3 5 6 7 |  7.3
Air Magic      | 1 2 3 5 6 7 |  7.3
Earth Magic    | 1 2 3 5 6 7 |  7.3
Poison Magic   | 1 2 3 5 6 7 |  7.3
Invocations    | 1 3 4 6 8 9 |  9.6
Evocations     | 1 3 4 6 7 8 |  8.8
Dodging        | 5 6 7 8 9 10 | 10.0
Hexes          | 6 7 8 9 |  9.2

Action                   |  1- 3 |  4- 6 |  7- 9 | 10-12 || total
-------------------------+-------+-------+-------+-------++-------
Melee: Dagger            |    17 |     4 |    12 |    48 ||    81
       Bite              |     2 |       |     1 |     8 ||    11
       Halberd           |       |       |       |    11 ||    11
       Punch             |       |       |       |     3 ||     3
 Cast: Ensorcelled Hiber |       |     3 |    10 |     7 ||    20
       Confuse           |       |       |     2 |       ||     2
Invok: Heroism           |       |       |     1 |       ||     1
  Use: Potion            |     1 |       |       |     2 ||     3
 Stab: Sleeping          |     1 |     4 |     4 |     7 ||    16
       Confused          |       |       |     3 |       ||     3
Armor: Robe              |     1 |     1 |       |       ||     2
       Leather armour    |       |       |     4 |       ||     4
       Chain mail        |       |       |       |    50 ||    50
Dodge: Dodged            |     3 |     2 |    10 |    16 ||    31
